 Dungeon Crawl Stone Soup version 0.28.0-45-g0d030f2227 (webtiles) character file.

Game seed: 8107699633113533935

927 Icepheonix32 the Covered (level 7, 0/56 HPs)
             Began as a Demonspawn Fighter on Apr 7, 2022.
             Slain by Pikel
             ... wielding a +2 whip of flaming
              (9 damage)
             ... on level 3 of the Dungeon.
             The game lasted 00:04:22 (4190 turns).

Icepheonix32 the Covered (Demonspawn Fighter)       Turns: 4190, Time: 00:04:24

Health: 0/56       AC:  8    Str: 18    XL:     7   Next: 85%
Magic:  7/7        EV:  9    Int:  9    God:
Gold:   75         SH:  5    Dex: 13    Spells: 6/6 levels left

rFire   . . .      SeeInvis .   q - +1 rapier (drain)
rCold   . . .      Faith    .   c - +0 buckler
rNeg    . . .      Spirit   .   b - +0 scale mail
rPois   .          Reflect  .   (helmet restricted)
rElec   .          Harm     .   l - +0 cloak
rCorr   .          Rampage  .   (no gloves)
Will    .....                   (no boots)
Stlth   ..........              (no amulet)
HPRegen 0.18/turn               (no ring)
MPRegen 0.10/turn               (no ring)

@: no status effects
A: claws 1, hooves 1, horns 1, demonic guardian 2, powered by death 1
a: no special abilities


You were on level 3 of the Dungeon.
You visited 1 branch of the dungeon, and saw 4 of its levels.

You collected 75 gold pieces.

Inventory:

Hand Weapons
 a - a +0 long sword
 k - a +4 quarterstaff of chaos
 q - a +1 rapier of draining (weapon)
Armour
 b - a +0 scale mail (worn)
 c - a +0 buckler (worn)
 d - a +2 robe of fire resistance
 l - a +0 cloak (worn)
 u - a +0 helmet
Jewellery
 i - a ring of fire
 n - a ring of protection from cold
Wands
 r - a wand of digging (5)
Scrolls
 j - 2 scrolls of identify
 m - a scroll of enchant weapon {unknown}
 t - a scroll of fear {unknown}
 v - a scroll of teleportation {unknown}
Potions
 e - a potion of attraction {unknown}
 f - a potion of heal wounds {unknown}
 g - a potion of magic {unknown}
 h - a potion of brilliance
 o - 2 potions of might
 p - 2 potions of curing {unknown}
 s - 2 potions of cancellation


   Skills:
 + Level 5.0 Fighting
 + Level 3.0(3.4) Short Blades
 - Level 2.1(2.9) Long Blades
 + Level 2.0 Staves
 + Level 5.2 Armour
 + Level 1.5 Dodging
 + Level 1.0 Stealth
 + Level 4.1 Shields


You had 6 spell levels left.
You didn't know any spells.
Your spell library contained the following spells:

 Spells                   Type           Power      Damage    Failure   Level
 Ozocubu's Armour         Ice            0%         N/A       99%         3
 Metabolic Englaciation   Hex/Ice        0%         N/A       100%        5
 Simulacrum               Ice/Necr       0%         N/A       100%        6


Dungeon Overview and Level Annotations

Branches:
Dungeon (4/15)
 Temple: D:4-7

Altars:

Annotations:
D:3 Pikel


Innate Abilities, Weirdness & Mutations

You have sharp fingernails.
You have large cloven feet.
You have a pair of small horns on your head.
A demonic guardian rushes to your aid.
You regenerate a little health from kills.


Message History

Pikel, Merchant of Souls comes into view.
He is wielding a +2 whip of flaming.
There are monsters nearby!
Found a dagger.
Pikel shouts!
The lemure shouts!
A kobold comes into view. It is wielding a +0 dagger.
A lemure comes into view.
The lemure shouts!
The kobold shouts!
You block the lemure's attack. The lemure barely misses you.
You hit the lemure. Your kick misses the lemure.
You headbutt the lemure, but do no damage.
The lemure is lightly wounded.
The lemure barely misses you. The lemure hits you but does no damage.
You hit the lemure.
The lemure is moderately wounded.
The lemure hits you. x2; The lemure hits you but does no damage.
Pikel hits you with a +2 whip of flaming.
Pikel burns you.
You hit the lemure.
The lemure is moderately wounded.
The lemure hits you. The lemure hits you but does no damage.
The lemure misses you. Pikel closely misses you.
The lemure hits you but does no damage. You block the lemure's attack.
The lemure hits you but does no damage. The lemure hits you but does no damage.
The lemure hits you but does no damage. You block the lemure's attack.
The lemure hits you.
There is a stone staircase leading up here.
The lemure hits you but does no damage. You block the lemure's attack.
Pikel hits you with a +2 whip of flaming!
A demonic guardian appears!
Pikel burns you. The lemure hits you. x2
* * * LOW HITPOINT WARNING * * *
You climb upwards.
Your summoned ally is left behind.
There is a stone staircase leading down here.
You barely miss Pikel. You headbutt Pikel.
Pikel is lightly wounded.
The lemure closely misses you. The lemure hits you.
* * * LOW HITPOINT WARNING * * *
The lemure closely misses you.
Pikel hits you with a +2 whip of flaming!
You die...

...#.########
#...........# ###
#.......)...# ####.#
#...........# #....#
#...........# #.####
##..........####.#####
.....................#
............##.#K#####
......####.....5@##
.##............555#
.#...>..#.....)...#
.#........###.....#
.#........# #.....#
.#......### #.....#
##......# #.....#
##......# #.....#
#......# #.....#


You could see Pikel and 4 lemures.

Vanquished Creatures
  Sigmund (D:2)
  Eustachio (D:4)
  Pargi (D:4)
  A scorpion (D:4)
  Crazy Yiuf (D:2)
  Jessica (D:3)
  An orc wizard (D:3)
  2 hound skeletons (D:4)
  8 adders
  A worm (D:2)
  4 orcs (D:3)
  4 bats
  13 endoplasms
  4 giant cockroaches
  7 hobgoblins
  7 kobolds
  2 quokkas (D:2)
  5 ball pythons
  4 frilled lizards
  7 goblins
  5 rats
80 creatures vanquished.

Vanquished Creatures (collateral kills)
  Edmund (D:4)
  An ogre (D:4)
  An iguana (D:4)
3 creatures vanquished.

Vanquished Creatures (others)
  An orc (D:3)
1 creature vanquished.

Grand Total: 84 creatures vanquished

Notes
Turn   | Place    | Note
-------+----------+-------------------------------------------
     0 | D:1      | Icepheonix32 the Demonspawn Fighter began the quest for the
                  | Orb.
     0 | D:1      | Reached XP level 1. HP: 18/18 MP: 1/1
   258 | D:1      | Gained mutation: A weak demonic guardian rushes to your
                  | aid. [demonic ancestry]
   258 | D:1      | Reached XP level 2. HP: 19/24 MP: 2/2
   966 | D:2      | Noticed Sigmund
   974 | D:2      | Killed Sigmund
   975 | D:2      | Gained mutation: A demonic guardian rushes to your aid.
                  | [demonic ancestry]
   975 | D:2      | Reached XP level 3. HP: 8/30 MP: 3/3
   975 | D:2      | Discovered your monstrous ancestry.
   975 | D:2      | Gained mutation: You have sharp fingernails. [demonic
                  | ancestry]
   975 | D:2      | Reached XP level 4. HP: 10/37 MP: 4/4
   975 | D:2      | Gained mutation: You have large cloven feet. [demonic
                  | ancestry]
   975 | D:2      | Reached XP level 5. HP: 12/42 MP: 5/5
  1741 | D:2      | Found a faded altar of an unknown god.
  1972 | D:2      | Found a runed translucent door.
  1973 | D:2      | Noticed Crazy Yiuf
  2110 | D:2      | Killed Crazy Yiuf
  2416 | D:3      | Gained mutation: You regenerate a little health from kills.
                  | [demonic ancestry]
  2416 | D:3      | Reached XP level 6. HP: 26/49 MP: 6/6
  2686 | D:3      | Noticed Jessica
  2692 | D:3      | Killed Jessica
  2693 | D:3      | Reached skill level 1 in Dodging
  2907 | D:4      | Noticed Edmund
  2914 | D:4      | Killed Edmund
  2915 | D:4      | Reached skill level 1 in Staves
  3413 | D:4      | Noticed Eustachio
  3457 | D:4      | Killed Eustachio
  3458 | D:4      | Reached skill level 1 in Short Blades
  3458 | D:4      | Reached skill level 1 in Stealth
  3458 | D:4      | Gained mutation: You have a pair of small horns on your
                  | head. [demonic ancestry]
  3458 | D:4      | Reached XP level 7. HP: 32/55 MP: 7/7
  3465 | D:4      | Reached skill level 5 in Armour
  3851 | D:4      | Noticed Pargi
  3891 | D:4      | Killed Pargi
  3892 | D:4      | Reached skill level 5 in Fighting
  4179 | D:4      | Noticed Pikel
  4190 | D:3      | Slain by Pikel

Illustrated notes

Levels and vault maps discovered:
D:1:      scummos_arrival_simple_crosswalls, layout_basic,
          chequers_serial_rivers_micro_b, grunt_decor_fettered
D:2:      layout_basic, shapermc_ecumenical_altar_mp_ritualfount, uniq_sigmund,
          uniq_crazy_yiuf_cottage
D:3:      layout_rooms, grunt_decor_arrowhead, st_stairs_13, uniq_jessica
D:4:      layout_cave_pods, grunt_decor_resistance, uniq_edmund, uniq_eustachio,
          uniq_pikel, uniq_pargi

Skill      XL: |  1  2  3  4  5  6  7 |
---------------+----------------------+-----
Long Blades    | 2 |  2.1
Armour         | 4 5 |  5.2
Fighting       | 4 5 |  5.0
Shields        | 3 4 |  4.1
Dodging        | 1 |  1.5
Staves         | 1 2 |  2.0
Short Blades   | 1 3 |  3.0
Stealth        | 1 |  1.0

Action                   |  1- 3 |  4- 6 |  7- 9 || total
-------------------------+-------+-------+-------++-------
Melee: Long sword        |    48 |    65 |       ||   113
       Quarterstaff      |       |    46 |       ||    46
       Kick              |       |    40 |     5 ||    45
       Rapier            |       |    52 |    34 ||    86
       Headbutt          |       |       |     5 ||     5
  Use: Potion            |     1 |     2 |     1 ||     4
       Scroll            |     1 |       |       ||     1
Armor: Scale mail        |    20 |    73 |    33 ||   126
Dodge: Dodged            |    16 |    85 |    18 ||   119
Block: Buckler           |    11 |    40 |    19 ||    70
